 Dungeon Crawl Stone Soup version 0.25-a0-294-gea9b1ad378 (webtiles) character file.

Game seed: 14117655571989338805, levelgen mode: deterministic

263 FishyPogo the Skirmisher (level 5, -1/48 HPs)
             Began as a Minotaur Fighter on Dec 19, 2019.
             Slain by an ogre
             ... wielding a +0 giant club
              (15 damage)
             ... on level 4 of the Dungeon on Dec 28, 2019.
             The game lasted 00:03:28 (1535 turns).

FishyPogo the Skirmisher (Minotaur Fighter)         Turns: 1535, Time: 00:03:29

Health: -1/48      AC:  9    Str: 22    XL:     5   Next: 98%
Magic:  4/4        EV:  7    Int:  5    God:
Gold:   108        SH:  9    Dex:  9    Spells: 4/4 levels left

rFire    . . .     SeeInvis .   a - +0 war axe
rCold    . . .     Gourm    .   c - +0 shield
rNeg     . . .     Faith    .   b - +0 scale mail
rPois    .         Spirit   .   (helmet restricted)
rElec    .         Reflect  .   i - +0 cloak
rCorr    .         Harm     .   h - +0 pair of gloves
MR       .....                  (no boots)
Stlth    ..........             (no amulet)
HPRegen  0.16/turn              (no ring)
MPRegen  0.09/turn              (no ring)

@: no status effects
A: retaliatory headbutt, horns 2
a: no special abilities


You were on level 4 of the Dungeon.
You were not hungry.

You visited 1 branch of the dungeon, and saw 4 of its levels.

You collected 108 gold pieces.

Inventory:

Hand Weapons
 a - a +0 war axe (weapon)
Missiles
 l - 104 stones (quivered)
Armour
 b - a +0 scale mail (worn)
 c - a +0 shield (worn)
 h - a +0 pair of gloves (worn)
 i - a +0 cloak (worn)
Scrolls
 e - 3 scrolls of identify {unknown}
 j - 2 scrolls of teleportation {unknown}
 n - a scroll of remove curse {unknown}
 q - a scroll of enchant weapon {unknown}
 r - 3 scrolls of magic mapping {unknown}
Potions
 d - a potion of might
 k - 2 potions of curing {unknown}
 m - a potion of heal wounds {unknown}
 o - a potion of haste {unknown}
 p - a potion of invisibility {unknown}
 s - a potion of brilliance {unknown}
Comestibles
 f - 4 rations
 g - 13 chunks of flesh


   Skills:
 * Level 5.5 Fighting
 * Level 4.3 Axes
 + Level 4.8 Armour
 - Level 0.4 Dodging
 + Level 4.7 Shields


You had 4 spell levels left.
You didn't know any spells.
Your spell library was empty.

Dungeon Overview and Level Annotations

Branches:
Dungeon (4/15)
 Temple: D:4-7

Altars:
Kikubaaqudgha


Innate Abilities, Weirdness & Mutations

You reflexively headbutt those who attack you in melee.
You have a pair of horns on your head.


Message History

You block the worker ant's attack.
The worker ant bites you but does no damage.
The scorpion barely misses you. You furiously retaliate!
You headbutt the scorpion.
The ogre hits you with a +0 giant club!!
An ooze comes into view.
The ooze quivers.
You block the scorpion's attack.
You slash the worker ant!
The worker ant is almost dead.
You barely miss the scorpion.
The worker ant bites you but does no damage.
You block the scorpion's attack.
The worker ant bites you but does no damage.
The ogre hits you with a +0 giant club.
* * * LOW HITPOINT WARNING * * *
You slash the worker ant!
You kill the worker ant!
You block the scorpion's attack. The ogre hits you with a +0 giant club!
You die...

##.#.#....###
###............
#######...##.....>.#.
........#####..#+#...
#..........## #.#.
#.........#####...
#.........# #.....
#.........# #.....
#@........# ####.#
###sO.......# #..#
#...........# #.##
#####.#.........# #.##
....J.#.........# ###...
........######.#####.....
.........# #.# #..#...
.........# #.# #......
.........### #.# #..#...


You could see an ogre, a scorpion and an ooze.

Vanquished Creatures
  An ice beast (D:2)
  A howler monkey (D:4)
  2 worker ants (D:4)
  4 adders
  3 worms (D:4)
  2 dart slugs
  2 leopard geckos
  4 bats
  2 giant cockroaches
  2 goblins (D:1)
  6 hobgoblins
  A ball python (D:1)
  2 frilled lizards
  2 kobolds (D:2)
  11 rats
45 creatures vanquished.

Notes
Turn   | Place    | Note
-------+----------+-------------------------------------------
     0 | D:1      | FishyPogo the Minotaur Fighter began the quest for the Orb.
     0 | D:1      | Reached XP level 1. HP: 19/19 MP: 0/0
   176 | D:1      | Reached XP level 2. HP: 26/27 MP: 1/1
   787 | D:2      | Reached skill level 4 in Fighting
   787 | D:2      | Reached XP level 3. HP: 33/33 MP: 2/2
  1253 | D:2      | Noticed an ice beast
  1263 | D:2      | Killed an ice beast
  1263 | D:2      | Reached skill level 5 in Fighting
  1263 | D:2      | Reached XP level 4. HP: 29/42 MP: 3/3
  1263 | D:2      | Reached XP level 5. HP: 33/48 MP: 4/4
  1286 | D:2      | Found an ancient bone altar of Kikubaaqudgha.
  1528 | D:4      | Noticed an ogre
  1535 | D:4      | Slain by an ogre

Levels and vault maps discovered:
D:1:      lightli_arrival_quake, layout_loops_ring, minmay_misc_feat_five,
          minmay_rat_gold_closets
D:2:      layout_basic, amethyst_overflow_temple_binary, first_ration
D:3:      lemuel_castle_with_subvaults [lemuel_castle_interior_carwin_2],
          layout_loops_cross, kennysheep_generic_room_7
D:4:      layout_rooms, yredelemnul_forgotten_temple_becter, kennysheep_mini,
          nicolae_qazlal_style_of_elements

Skill      XL: |  1  2  3  4  5 |
---------------+----------------+-----
Armour         | 4 |  4.8
Shields        | 4 |  4.7
Fighting       | 4 5 |  5.5
Axes           | 3 4 |  4.3
Dodging        | |  0.4

Action                   |  1- 3 |  4- 6 || total
-------------------------+-------+-------++-------
Melee: War axe           |    66 |    30 ||    96
       Headbutt          |    13 |     6 ||    19
  Eat: Chunk             |     1 |     1 ||     2
Armor: Scale mail        |    28 |    12 ||    40
Dodge: Dodged            |    25 |     6 ||    31
Block: Shield            |    30 |    16 ||    46

Table legend:
 A = Non-vault XP
 B = Vault XP
 C = Vault XP percentage of total XP
 D = Non-vault monster count
 E = Vault monster count
 F = Vault count percentage of total count
                 A         B        C        D         E       F
            +---------+---------+-------+---------+---------+-------
      Total |     369 |       8 |   2.1 |      37 |       8 |  17.8
            +---------+---------+-------+---------+---------+-------
        D:1 |      23 |       8 |  25.8 |      12 |       8 |  40.0
        D:2 |     176 |       0 |   0.0 |      14 |       0 |   0.0
        D:3 |       1 |       0 |   0.0 |       1 |       0 |   0.0
        D:4 |     169 |       0 |   0.0 |      10 |       0 |   0.0
            +---------+---------+-------+---------+---------+-------
